[ AOE2 MATCH · #490053709 ]
UnrankedBerbers vs Cumans
Player's team · LOSS
Rival team · WIN
[ REPLAY ANALYSIS · EXTRACTED FROM THE RECORDED GAME ]
Feudal
8:35
Castle
19:24
Imperial
—
| APM avg | 68.4 |
| APM peak | 116 |
| eAPM avg | 29.3 |
| Villagers / military | 85 / 132 |
Focus
⚔️ 58.6% · 🌾 41.4%
Camel Scout ×101 · Knight ×28 · Scout Cavalry ×2 · Spearman ×1
Feudal
8:56
Castle
21:28
Imperial
35:52
| APM avg | 44.4 |
| APM peak | 94 |
| eAPM avg | 22.9 |
| Villagers / military | 128 / 103 |
Focus
⚔️ 27.2% · 🌾 72.8%
Camel Scout ×84 · Spearman ×16 · Monk ×3
Match map
Initial resources + every placement click. Lines = walls · curves = elevation contours. ◆ gold · ⬟ stone · ● berries · ✦ relic · ◌ wall gap
Your base· ✓ Closed at 19:24 · 32t walls · 1 gate(s)
DK_Exmerior's base· ✓ Closed at 21:28 · 36t walls · 1 gate(s)
Smoothed initial terrain · ◌ = detected wall gap · hover for details
Inputs per minute
— Fabrizio 094455 - - DK_Exmerior
Build order — Fabrizio 094455
First 150 of 321 actions detected
| 0:01 | Create | Villager (Male) |
| 0:01 | Create | Villager (Male) |
| 0:01 | Create | Villager (Male) |
| 0:02 | Build | House |
| 0:03 | Build | House |
| 0:06 | Create | Villager (Male) |
| 0:06 | Create | Villager (Male) |
| 1:29 | Create | Villager (Male) |
| 1:47 | Build | Lumber Camp |
| 2:01 | Create | Villager (Male) |
| 2:17 | Create | Villager (Male) |
| 2:42 | Create | Villager (Male) |
| 3:17 | Create | Villager (Male) |
| 3:17 | Create | Villager (Male) |
| 3:33 | Create | Villager (Male) |
| 3:55 | Build | House |
| 4:00 | Create | Villager (Male) |
| 4:19 | Build | House |
| 4:26 | Build | Mill |
| 4:38 | Create | Villager (Male) |
| 4:56 | Build | Mill |
| 4:58 | Create | Villager (Male) |
| 5:23 | Create | Villager (Male) |
| 5:32 | Research | Loom |
| 6:25 | Research | Feudal Age |
| 6:25 | Research | Feudal Age |
| 7:17 | Build | Barracks |
| 7:18 | Build | Palisade Wall |
| 7:21 | Create | Villager (Male) |
| 8:13 | Build | Palisade Wall |
| 8:35 | Age | Feudal Age |
| 8:42 | Create | Villager (Male) |
| 8:44 | Build | Stable |
| 8:50 | Build | House |
| 8:52 | Build | Palisade Wall |
| 9:01 | Create | Spearman |
| 9:14 | Build | Mill |
| 9:34 | Create | Scout Cavalry |
| 9:35 | Create | Villager (Male) |
| 9:38 | Build | House |
| 9:53 | Create | Scout Cavalry |
| 9:54 | Create | Villager (Male) |
| 9:59 | Create | Villager (Male) |
| 10:11 | Build | Palisade Wall |
| 10:16 | Build | Palisade Wall |
| 10:51 | Create | Villager (Male) |
| 10:51 | Create | Villager (Male) |
| 10:55 | Build | House |
| 10:56 | Create | Villager (Male) |
| 11:01 | Research | Double-Bit Axe |
| 11:13 | Build | House |
| 11:15 | Create | Villager (Male) |
| 11:17 | Build | Farm |
| 11:18 | Build | Farm |
| 11:27 | Build | Palisade Wall |
| 11:28 | Build | Palisade Wall |
| 11:46 | Create | Villager (Male) |
| 11:56 | Create | Villager (Male) |
| 12:03 | Build | Farm |
| 12:05 | Build | Farm |
| 12:07 | Build | Farm |
| 12:07 | Build | Farm |
| 12:07 | Build | Farm |
| 12:14 | Create | Villager (Male) |
| 12:17 | Build | House |
| 12:28 | Build | Farm |
| 12:36 | Build | Farm |
| 12:47 | Build | Palisade Wall |
| 12:55 | Build | Farm |
| 13:02 | Build | Palisade Wall |
| 13:06 | Create | Villager (Male) |
| 13:38 | Create | Villager (Male) |
| 13:41 | Build | House |
| 13:44 | Build | Farm |
| 13:46 | Build | Farm |
| 13:50 | Build | Farm |
| 13:55 | Build | Farm |
| 13:58 | Create | Villager (Male) |
| 14:19 | Build | Farm |
| 14:22 | Build | Farm |
| 14:27 | Create | Villager (Male) |
| 14:45 | Build | Mining Camp |
| 14:49 | Create | Villager (Male) |
| 14:49 | Create | Villager (Male) |
| 15:12 | Build | Palisade Wall |
| 15:33 | Create | Villager (Male) |
| 15:42 | Build | Blacksmith |
| 16:09 | Research | Horse Collar |
| 16:19 | Create | Villager (Male) |
| 16:37 | Research | Castle Age |
| 16:39 | Research | Gold Mining |
| 16:40 | Research | Gold Mining |
| 17:12 | Build | Stable |
| 17:17 | Research | Scale Barding Armor |
| 17:17 | Research | Scale Barding Armor |
| 17:30 | Research | Bloodlines |
| 17:30 | Research | Bloodlines |
| 17:58 | Research | Forging |
| 17:58 | Research | Forging |
| 18:08 | Build | Palisade Gate |
| 18:19 | Build | Stable |
| 18:37 | Create | Villager (Male) |
| 19:24 | Age | Castle Age |
| 19:26 | Create | Knight |
| 19:26 | Create | Knight |
| 19:26 | Create | Knight |
| 19:28 | Research | Iron Casting |
| 19:42 | Research | Chain Barding Armor |
| 19:45 | Build | Farm |
| 19:48 | Build | Farm |
| 19:50 | Build | Farm |
| 19:54 | Create | Villager (Male) |
| 20:12 | Create | Knight |
| 20:12 | Create | Knight |
| 20:14 | Create | Knight |
| 20:20 | Create | Knight |
| 20:23 | Build | Farm |
| 20:26 | Build | Farm |
| 20:39 | Create | Knight |
| 20:39 | Create | Knight |
| 20:46 | Create | Villager (Male) |
| 21:00 | Create | Villager (Male) |
| 21:03 | Create | Knight |
| 21:24 | Create | Knight |
| 21:24 | Create | Knight |
| 21:26 | Create | Villager (Male) |
| 21:31 | Create | Knight |
| 21:31 | Create | Knight |
| 21:35 | Build | House |
| 21:40 | Build | House |
| 21:58 | Create | Knight |
| 21:58 | Create | Knight |
| 22:05 | Build | Farm |
| 22:08 | Create | Villager (Male) |
| 22:16 | Create | Knight |
| 22:16 | Create | Knight |
| 22:24 | Create | Knight |
| 22:37 | Build | Farm |
| 22:39 | Create | Villager (Male) |
| 22:44 | Create | Knight |
| 22:44 | Create | Knight |
| 22:57 | Create | Villager (Male) |
| 23:01 | Create | Knight |
| 23:04 | Create | Villager (Male) |
| 23:06 | Create | Knight |
| 23:06 | Create | Knight |
| 23:33 | Create | Camel Scout |
| 23:34 | Create | Camel Scout |
| 23:34 | Create | Camel Scout |
| 23:48 | Create | Villager (Male) |
Build order — DK_Exmerior
First 150 of 304 actions detected
| 0:00 | Create | Villager (Male) |
| 0:01 | Create | Villager (Male) |
| 0:02 | Build | House |
| 0:02 | Build | House |
| 0:08 | Create | Villager (Male) |
| 0:23 | Create | Villager (Male) |
| 1:24 | Create | Villager (Male) |
| 1:25 | Create | Villager (Male) |
| 1:44 | Build | Lumber Camp |
| 1:57 | Create | Villager (Male) |
| 2:14 | Create | Villager (Male) |
| 2:14 | Create | Villager (Male) |
| 2:55 | Create | Villager (Male) |
| 3:12 | Create | Villager (Male) |
| 3:43 | Create | Villager (Male) |
| 3:43 | Create | Villager (Male) |
| 4:11 | Create | Villager (Male) |
| 4:21 | Build | House |
| 4:37 | Create | Villager (Male) |
| 4:56 | Create | Villager (Male) |
| 5:10 | Build | Mill |
| 5:17 | Create | Villager (Male) |
| 5:34 | Create | Villager (Male) |
| 6:11 | Research | Loom |
| 6:46 | Research | Feudal Age |
| 6:46 | Research | Feudal Age |
| 6:46 | Research | Feudal Age |
| 8:44 | Create | Villager (Male) |
| 8:56 | Age | Feudal Age |
| 9:05 | Build | Town Center |
| 9:10 | Research | Double-Bit Axe |
| 9:13 | Build | Barracks |
| 9:26 | Create | Villager (Male) |
| 9:34 | Build | House |
| 9:58 | Create | Villager (Male) |
| 10:03 | Build | House |
| 10:10 | Build | Palisade Wall |
| 10:55 | Build | House |
| 11:01 | Create | Villager (Male) |
| 11:02 | Create | Spearman |
| 11:09 | Build | Farm |
| 11:10 | Research | Horse Collar |
| 11:12 | Build | Farm |
| 11:18 | Create | Villager (Male) |
| 11:18 | Create | Villager (Male) |
| 11:32 | Create | Villager (Male) |
| 11:58 | Create | Spearman |
| 12:00 | Create | Villager (Male) |
| 12:07 | Build | Farm |
| 12:08 | Build | Farm |
| 12:10 | Build | Farm |
| 12:25 | Create | Villager (Male) |
| 12:25 | Create | Villager (Male) |
| 12:27 | Build | Farm |
| 12:32 | Build | Farm |
| 12:35 | Build | Farm |
| 12:55 | Build | Palisade Wall |
| 12:55 | Build | Palisade Wall |
| 12:58 | Create | Villager (Male) |
| 12:59 | Build | Farm |
| 13:03 | Build | Farm |
| 13:05 | Build | Farm |
| 13:12 | Create | Spearman |
| 13:37 | Create | Villager (Male) |
| 13:45 | Build | House |
| 13:48 | Build | Blacksmith |
| 13:58 | Create | Villager (Male) |
| 13:59 | Create | Villager (Male) |
| 14:03 | Build | Farm |
| 14:05 | Build | Farm |
| 14:12 | Build | Palisade Wall |
| 14:19 | Build | Farm |
| 14:20 | Create | Villager (Male) |
| 14:20 | Create | Villager (Male) |
| 14:28 | Create | Villager (Male) |
| 14:31 | Build | Farm |
| 14:53 | Create | Villager (Male) |
| 14:53 | Create | Villager (Male) |
| 15:01 | Build | Farm |
| 15:05 | Build | House |
| 15:14 | Build | Palisade Wall |
| 15:17 | Create | Villager (Male) |
| 15:17 | Create | Villager (Male) |
| 15:22 | Build | Farm |
| 15:23 | Build | Farm |
| 15:30 | Create | Villager (Male) |
| 15:40 | Build | Palisade Gate |
| 15:50 | Build | Farm |
| 15:56 | Build | Farm |
| 15:57 | Create | Villager (Male) |
| 15:57 | Create | Villager (Male) |
| 16:15 | Create | Villager (Male) |
| 16:16 | Create | Villager (Male) |
| 16:24 | Build | Farm |
| 16:26 | Build | Farm |
| 16:37 | Build | Farm |
| 16:39 | Create | Villager (Male) |
| 16:39 | Create | Villager (Male) |
| 16:59 | Build | Farm |
| 17:04 | Build | House |
| 17:05 | Build | House |
| 17:22 | Create | Villager (Male) |
| 17:22 | Create | Villager (Male) |
| 17:35 | Build | Farm |
| 17:49 | Create | Villager (Male) |
| 17:50 | Create | Villager (Male) |
| 17:56 | Build | Farm |
| 18:04 | Build | House |
| 18:05 | Build | House |
| 18:06 | Build | House |
| 18:21 | Build | Stable |
| 18:23 | Create | Villager (Male) |
| 18:24 | Create | Villager (Male) |
| 18:48 | Research | Castle Age |
| 18:48 | Research | Castle Age |
| 19:04 | Build | Lumber Camp |
| 19:13 | Build | Mining Camp |
| 19:14 | Create | Villager (Male) |
| 19:16 | Research | Wheelbarrow |
| 19:42 | Research | Bloodlines |
| 19:53 | Research | Gold Mining |
| 20:00 | Build | Stable |
| 20:07 | Research | Scale Barding Armor |
| 20:15 | Build | Farm |
| 20:17 | Build | Farm |
| 20:38 | Build | Stable |
| 20:42 | Research | Forging |
| 21:18 | Create | Spearman |
| 21:19 | Create | Spearman |
| 21:28 | Age | Castle Age |
| 21:31 | Create | Camel Scout ×5 |
| 21:54 | Research | Iron Casting |
| 21:58 | Create | Villager (Male) |
| 21:58 | Create | Villager (Male) |
| 21:59 | Create | Villager (Male) |
| 22:09 | Build | House |
| 22:14 | Create | Spearman |
| 22:24 | Build | Town Center |
| 22:31 | Create | Camel Scout ×5 |
| 22:34 | Create | Villager (Male) |
| 22:46 | Build | Farm |
| 22:52 | Create | Camel Scout |
| 22:57 | Create | Villager (Male) |
| 22:57 | Create | Villager (Male) |
| 23:02 | Build | Farm |
| 23:33 | Create | Villager (Male) |
| 23:34 | Create | Villager (Male) |
| 23:34 | Create | Villager (Male) |
| 23:38 | Build | House |
| 23:45 | Research | Chain Barding Armor |
Match timeline
| 7:17 | Fabrizio 094455 · first_building Barracks |
| 7:18 | Fabrizio 094455 · wall_segment Palisade Wall x1 |
| 8:13 | Fabrizio 094455 · wall_segment Palisade Wall x1 |
| 8:35 | Fabrizio 094455 · age_up feudal |
| 8:44 | Fabrizio 094455 · first_building Stable |
| 8:52 | Fabrizio 094455 · wall_segment Palisade Wall x5 |
| 8:56 | DK_Exmerior · age_up feudal |
| 9:13 | DK_Exmerior · first_building Barracks |
| 10:10 | DK_Exmerior · wall_segment Palisade Wall x10 |
| 10:11 | Fabrizio 094455 · wall_segment Palisade Wall x6 |
| 10:16 | Fabrizio 094455 · wall_segment Palisade Wall x3 |
| 11:27 | Fabrizio 094455 · wall_segment Palisade Wall x2 |
| 11:28 | Fabrizio 094455 · wall_segment Palisade Wall x11 |
| 12:47 | Fabrizio 094455 · wall_segment Palisade Wall x1 |
| 12:55 | DK_Exmerior · wall_segment Palisade Wall x1 |
| 12:55 | DK_Exmerior · wall_segment Palisade Wall x1 |
| 13:02 | Fabrizio 094455 · wall_segment Palisade Wall x1 |
| 14:12 | DK_Exmerior · wall_segment Palisade Wall x10 |
| 15:12 | Fabrizio 094455 · wall_segment Palisade Wall x4 |
| 15:14 | DK_Exmerior · wall_segment Palisade Wall x14 |
| 18:21 | DK_Exmerior · first_building Stable |
| 19:24 | Fabrizio 094455 · age_up castle |
| 21:28 | DK_Exmerior · age_up castle |
| 28:24 | DK_Exmerior · first_building Monastery |
| 31:43 | DK_Exmerior · first_market_sell 100 food |
| 35:04 | DK_Exmerior · wall_segment Palisade Wall x1 |
| 35:52 | DK_Exmerior · age_up imperial |
| 36:07 | Fabrizio 094455 · resign |
[ AI ANALYSIS · 1 CREDIT ]
What really happened in this match?
Wolo.gg analyzes every decision: build order, eco, micro, common mistakes by bracket. Personalized analysis on WhatsApp or Discord in 30 seconds.
Civ guide
Berbers
Perfil
Fabrizio 094455